[Event "Titled Tuesday Blitz February 21 Late 2023"]
[White "Haszon, David"]
[Black "Yeritsyan, Hayk"]
[WhiteFideId "733610"]
[BlackFideId "13307320"]
[WhiteElo "2264"]
[BlackElo "2241"]
[Result "1/2-1/2"]
[Round "07"]
[TimeControl "180+2"]
[Date "2023.02.21"]
[WhiteClock "0:00:09"]
[BlackClock "0:00:04"]

1. e4 c6 2. d4 d5 3. e5 c5 4. dxc5 Nc6 5. Nf3 Bg4 6. a3 e6 7. b4 Bxf3 8. Qxf3 Nxe5 9. Qg3 Nc6 10. Bb2 Nf6 11. Nd2 g6 12. Bd3 Bg7 13. Rb1 O-O 14. O-O Nh5 15. Qg4 Bxb2 16. Rxb2 Qf6 17. Rbb1 Ne5 18. Qh3 Nf4 19. Qe3 Qg5 20. g3 Nh3+ 21. Kg2 Nxd3 22. cxd3 Qh5 23. Qf3 Qh6 24. Qe3 Qh5 25. Qf3 Qh6 26. Nb3 Ng5 27. Qe3 Qh3+ 28. Kg1 h6 29. f4 Nh7 30. Nd4 Nf6 31. Nf3 Rac8 32. Qe2 b6 33. Rfc1 Rc7 34. Ne5 Rfc8 35. d4 Ne4 36. Qg2 Qxg2+ 37. Kxg2 Kg7 38. Rb2 Nf6 39. Nd3 Ne4 40. Kf3 f5 41. Ke3 g5 42. Ne5 Kf6 43. h4 Nxg3 44. hxg5+ hxg5 45. Rh2 Ne4 46. Rh6+ Kg7 47. Rg6+ Kf8 48. Rh1 gxf4+ 49. Kxf4 Nf2 50. Rh8+ Ke7 51. Rg7+ Kf6 52. Rg6+ Ke7 53. Rh7+ Kf8 54. Rh8+ Ke7 1/2-1/2


[Site "https://www.chess.com"]

[Event "Titled Tuesday Blitz February 21 Late 2023"]
[White "Jarocka, Liwia"]
[Black "Petrovic, Aleksa"]
[WhiteFideId "21807558"]
[BlackFideId "967629"]
[WhiteElo "2225"]
[BlackElo "2332"]
[Result "0-1"]
[Round "07"]
[TimeControl "180+2"]
[Date "2023.02.21"]
[WhiteClock "0:01:49"]
[BlackClock "0:01:21"]

1. e4 c6 2. d4 d5 3. Nd2 dxe4 4. Nxe4 Bf5 5. Ng3 Bg6 6. h4 h6 7. Nf3 e6 8. h5 Bh7 9. Bd3 Bxd3 10. Qxd3 Nf6 11. Bd2 c5 12. O-O-O Nc6 13. Bc3 Qd5 14. Kb1 Rd8 15. Qb5 Be7 16. a3 c4 17. Qxd5 Nxd5 18. Ne2 b5 19. Rhe1 a5 20. Bd2 O-O 21. c3 b4 22. cxb4 axb4 23. axb4 Ncxb4 24. Bxb4 Bxb4 25. Rh1 c3 26. bxc3 Bxc3 27. Nxc3 Nxc3+ 28. Kc2 Nxd1 29. Rxd1 Rd5 30. Rb1 Rxh5 31. Rb7 Rf5 32. Kd3 Rd8 33. Ke4 Rf6 34. Ke3 Ra8 35. Ke4 Ra2 36. Ke3 g5 37. Rb3 Kg7 38. g4 Rf4 39. Ne5 Rfxf2 40. Rb7 0-1


[Site "https://www.chess.com"]

[Event "Titled Tuesday Blitz February 21 Late 2023"]
[White "Prieto Aranguren, Alain"]
[Black "CheckBits"]
[WhiteFideId "2268906"]
[WhiteElo "2258"]
[BlackElo "2452"]
[Result "1-0"]
[Round "07"]
[TimeControl "180+2"]
[Date "2023.02.21"]
[WhiteClock "0:00:46"]
[BlackClock "0:01:07"]

1. d4 e6 2. e4 d5 3. exd5 exd5 4. Bd3 Nf6 5. Nf3 Bg4 6. O-O Be7 7. c3 h6 8. Bf4 O-O 9. Nbd2 Nbd7 10. Re1 Re8 11. Qc2 c5 12. dxc5 Nxc5 13. Nd4 Nxd3 14. Qxd3 a6 15. Re3 Bc5 16. Rae1 Rxe3 17. Rxe3 Qb6 18. N2b3 Rd8 19. Nxc5 Qxc5 20. Be5 Qb6 21. Rg3 Bh5 22. Nf5 Re8 23. Rxg7+ Kf8 24. Qg3 Qe6 25. Rg8+ Nxg8 26. Qg7# 1-0


[Site "https://www.chess.com"]

[Event "Titled Tuesday Blitz February 21 Late 2023"]
[White "reevecanada"]
[Black "Smith, Garrett L"]
[BlackFideId "2024829"]
[WhiteElo "2441"]
[BlackElo "2047"]
[Result "0-1"]
[Round "07"]
[TimeControl "180+2"]
[Date "2023.02.21"]
[WhiteClock "0:00:03"]
[BlackClock "0:00:25"]

1. e4 c5 2. Nf3 Nc6 3. Bb5 e6 4. Bxc6 bxc6 5. O-O Ne7 6. d4 cxd4 7. Qxd4 Ng6 8. Bg5 f6 9. Be3 Be7 10. Nc3 O-O 11. h4 Qc7 12. h5 Ne5 13. Qd1 Rb8 14. b3 Bb4 15. Na4 Ba6 16. c4 Rbd8 17. Bf4 Bd6 18. c5 Nxf3+ 19. Qxf3 Bxf4 20. Rfd1 Qe5 21. g3 Bh6 22. Rac1 f5 23. Rc2 fxe4 24. Qg4 e3 25. f3 e2 26. Re1 Qe3+ 27. Kg2 Rf7 28. Rc3 Qd2 29. Rcc1 Rdf8 30. f4 Bd3 31. Nc3 e5 32. Nxe2 Be4+ 33. Kh3 Bf5 34. Rcd1 Bxg4+ 35. Kxg4 Qe3 36. Ng1 Rxf4+ 37. Kh3 Qf2 38. Re2 Qxc5 39. gxf4 Qc3+ 40. Kh2 Bxf4+ 41. Kh1 Qg3 42. Rde1 Rf5 43. Nf3 Rxh5+ 44. Nh2 Rxh2+ 45. Rxh2 Qxh2# 0-1


[Site "https://www.chess.com"]

[Event "Titled Tuesday Blitz February 21 Late 2023"]
[White "Arencibia Monduy, Antonio"]
[Black "De Souza, Cristiano Gomes"]
[WhiteFideId "3507939"]
[BlackFideId "2151758"]
[WhiteElo "2122"]
[BlackElo "2018"]
[Result "1-0"]
[Round "07"]
[TimeControl "180+2"]
[Date "2023.02.21"]
[WhiteClock "0:00:28"]
[BlackClock "0:00:15"]

1. e4 c5 2. Nf3 d6 3. Bc4 Nc6 4. a4 Nf6 5. d3 g6 6. O-O Bg7 7. h3 O-O 8. c3 e6 9. Re1 d5 10. Bb3 dxe4 11. dxe4 Qxd1 12. Bxd1 b6 13. Na3 Bb7 14. Bc2 Rad8 15. Bg5 Rd7 16. Nc4 h6 17. Be3 Rfd8 18. a5 b5 19. a6 Ba8 20. Na5 Nxa5 21. Rxa5 Nxe4 22. Rxb5 Bc6 23. Ra5 Rb8 24. Ba4 Bxa4 25. Rxa4 Nf6 26. Ne5 Rc7 27. Nc4 Nd5 28. Bc1 g5 29. g3 Nb6 30. Nxb6 Rxb6 31. Ra2 Rcc6 32. Be3 Bf8 33. Rea1 Rb3 34. Kf1 Rcb6 35. Bc1 f5 36. Ke2 Kf7 37. Kd2 e5 38. Kc2 Ke6 39. Ra4 Bd6 40. h4 f4 41. hxg5 hxg5 42. g4 Rb8 43. Re4 R3b6 44. Re1 Rh8 45. Bd2 Rh2 46. f3 Rf2 47. Rf1 Rxf1 48. Rxf1 Rxa6 49. Rh1 Be7 50. Rh6+ Bf6 51. Rh7 Be7 52. c4 Rd6 53. Bc3 Bf6 54. Rxa7 Rd7 55. Ra6+ Rd6 56. Rxd6+ Kxd6 57. Kd3 Ke6 58. Ke4 Bg7 59. Be1 Bf6 60. Bf2 Be7 61. Be1 Bd6 62. Ba5 Be7 63. Bc7 Bd6 64. Bd8 1-0


[Site "https://www.chess.com"]

[Event "Titled Tuesday Blitz February 21 Late 2023"]
[White "Matsuura, Frederico"]
[Black "Adewumi, Tanitoluwa"]
[WhiteFideId "2107848"]
[BlackFideId "30966396"]
[WhiteElo "2244"]
[BlackElo "2283"]
[Result "1-0"]
[Round "07"]
[TimeControl "180+2"]
[Date "2023.02.21"]
[WhiteClock "0:01:09"]
[BlackClock "0:00:03"]

1. d4 Nf6 2. Bg5 e6 3. Nf3 h6 4. Bh4 Be7 5. e3 b6 6. c4 Bb7 7. Nc3 O-O 8. Be2 d6 9. O-O Nbd7 10. Qc2 Re8 11. Rfd1 Qc8 12. b4 e5 13. d5 g6 14. Rac1 Nh7 15. Bxe7 Rxe7 16. Nd2 f5 17. Nb3 Rg7 18. c5 bxc5 19. bxc5 Ndf6 20. Nb5 Qd8 21. Na5 Bxd5 22. Rxd5 Nxd5 23. Bc4 dxc5 24. Rd1 Nf6 25. Nc3 Rd7 26. Nc6 Qe8 27. Nxd5 Nxd5 28. Rxd5 Rxd5 29. Bxd5+ Kg7 30. Qc3 a5 31. Nxe5 Ra6 32. Nd7+ Kh7 33. Nf6+ Rxf6 34. Qxf6 Qb8 35. Qf7+ Kh8 36. Qf6+ Kh7 37. Qf7+ Kh8 38. h4 c6 39. Qf6+ Kh7 40. Qf7+ Kh8 41. Be6 Qb1+ 42. Kh2 Qb8+ 43. f4 Qd8 44. Kh3 g5 45. Qg6 g4+ 46. Kg3 Qf8 47. Bxf5 Qg7 48. Qe8+ Qg8 49. Qe5+ Qg7 50. Qxc5 Qa1 51. Qf8# 1-0


[Site "https://www.chess.com"]

[Event "Titled Tuesday Blitz February 21 Late 2023"]
[White "Kovacs, Klara"]
[Black "Novikov, Evgenij"]
[WhiteFideId "733210"]
[BlackFideId "4125380"]
[WhiteElo "2121"]
[BlackElo "2276"]
[Result "1-0"]
[Round "07"]
[TimeControl "180+2"]
[Date "2023.02.21"]
[WhiteClock "0:01:50"]
[BlackClock "0:00:08"]

1. d4 d5 2. Nf3 e6 3. g3 b5 4. a4 b4 5. c4 a5 6. cxd5 exd5 7. Bg2 c6 8. O-O Bd6 9. Nbd2 Nf6 10. e4 dxe4 11. Ng5 O-O 12. Ndxe4 Nxe4 13. Nxe4 Be6 14. Nxd6 Qxd6 15. Bf4 Qd7 16. Rc1 Rd8 17. Be3 Bd5 18. Bxd5 cxd5 19. Rc5 Nc6 20. Qf3 Ne7 21. Rfc1 Qxa4 22. Rc7 Re8 23. Bg5 Rac8 24. Bxe7 Rxc7 25. Rxc7 Qa1+ 26. Kg2 Qxb2 27. Bc5 f6 28. Qxd5+ Kh8 29. Qf7 Rg8 30. Bf8 Qxd4 31. Bxg7+ Rxg7 32. Qxg7# 1-0


[Site "https://www.chess.com"]

[Event "Titled Tuesday Blitz February 21 Late 2023"]
[White "Delgado Rosas, Fatima Alexandra"]
[Black "Drnovsek, Gal"]
[WhiteFideId "6603963"]
[BlackFideId "14607077"]
[WhiteElo "1500"]
[BlackElo "2397"]
[Result "0-1"]
[Round "07"]
[TimeControl "180+2"]
[Date "2023.02.21"]
[WhiteClock "0:00:51"]
[BlackClock "0:00:19"]

1. d4 Nf6 2. c4 Nc6 3. Nc3 e5 4. dxe5 Nxe5 5. b3 Bb4 6. Bb2 Qe7 7. Nf3 Nxf3+ 8. gxf3 O-O 9. a3 Bc5 10. e3 a5 11. Bd3 Re8 12. Qd2 Ra6 13. Rg1 c6 14. Ne4 Nxe4 15. Rxg7+ Kf8 16. Bxe4 d5 17. Bxh7 Qh4 18. O-O-O d4 19. Rg8+ Ke7 20. Rxe8+ Kxe8 21. exd4 Bd6 22. Qe2+ Kf8 23. Rg1 Qxh7 24. d5 Bf4+ 25. Kd1 Qb1+ 26. Bc1 Qxc1# 0-1


[Site "https://www.chess.com"]

[Event "Titled Tuesday Blitz February 21 Late 2023"]
[White "Lucassen, Mickey"]
[Black "Karwowski, Kacper"]
[WhiteFideId "12919110"]
[BlackFideId "1126032"]
[WhiteElo "2023"]
[BlackElo "2164"]
[Result "1-0"]
[Round "07"]
[TimeControl "180+2"]
[Date "2023.02.21"]
[WhiteClock "0:00:18"]
[BlackClock "0:00:04"]

1. e4 d6 2. d4 Nf6 3. Bd3 g6 4. Nf3 Nbd7 5. O-O Bg7 6. Re1 e5 7. c3 O-O 8. h3 Re8 9. Nbd2 b6 10. a4 Bb7 11. a5 Rb8 12. Qb3 Re7 13. Qc2 Qe8 14. b4 h6 15. Bb2 Kh7 16. dxe5 Nxe5 17. Nxe5 Rxe5 18. c4 Re7 19. Re2 Nh5 20. Bxg7 Kxg7 21. g3 Bc8 22. Kg2 Nf6 23. axb6 axb6 24. Nb3 Bb7 25. f3 Re5 26. Qc3 Qe7 27. Ra7 Kh7 28. Kh2 Bc6 29. Nd4 Be8 30. Rea2 c5 31. Rxe7 cxd4 32. Qxd4 Rxe7 33. Qxf6 Rbb7 34. Ra8 b5 35. cxb5 d5 36. e5 Rbc7 37. b6 Rb7 38. Bb5 d4 39. Rxe8 Rxe8 40. Bxe8 d3 41. Bxf7 d2 42. Qxg6+ Kh8 43. Qxh6# 1-0


[Site "https://www.chess.com"]

[Event "Titled Tuesday Blitz February 21 Late 2023"]
[White "Bambino Filho, Antonio Carlos"]
[Black "Romero Ruscalleda, Josep"]
[WhiteFideId "2113163"]
[BlackFideId "2231859"]
[WhiteElo "2144"]
[BlackElo "2160"]
[Result "1-0"]
[Round "07"]
[TimeControl "180+2"]
[Date "2023.02.21"]
[WhiteClock "0:00:47"]
[BlackClock "0:01:12"]

1. e4 g6 2. d4 Bg7 3. Nc3 d6 4. Nf3 a6 5. a4 Nc6 6. Be3 Bg4 7. Be2 e5 8. d5 Nce7 9. Qd2 Bxf3 10. Bxf3 f5 11. exf5 gxf5 12. Bg5 Nf6 13. h4 Qd7 14. Bxf6 Bxf6 15. Qh6 Ng6 16. h5 O-O-O 17. O-O-O e4 18. hxg6 hxg6 19. Qxg6 Bxc3 20. bxc3 Rxh1 21. Rxh1 exf3 22. gxf3 Qxa4 23. Rh7 Qf4+ 24. Kb2 Qxf3 25. Qf7 1-0


[Site "https://www.chess.com"]

[Event "Titled Tuesday Blitz February 21 Late 2023"]
[White "ArturoCaceres"]
[Black "Buscar, Michael"]
[BlackFideId "2603616"]
[WhiteElo "2405"]
[BlackElo "2041"]
[Result "0-1"]
[Round "07"]
[TimeControl "180+2"]
[Date "2023.02.21"]
[WhiteClock "0:00:25"]
[BlackClock "0:00:12"]

1. g3 d5 2. Nf3 Nf6 3. Bg2 e6 4. O-O c5 5. c4 Be7 6. cxd5 exd5 7. d4 O-O 8. Nc3 Nc6 9. e3 c4 10. Ne5 Be6 11. Nxc4 dxc4 12. d5 Nxd5 13. Nxd5 Bc5 14. Nf4 Bf5 15. Qa4 Qb6 16. Qxc4 Nb4 17. Nd5 Nxd5 18. Bxd5 Rac8 19. Qf4 Bd3 20. Rd1 Bc2 21. Rf1 Bd6 22. Qf3 Rc7 23. e4 Bc5 24. Qe2 Bd4 25. Be3 Bxe3 26. fxe3 Qxb2 27. Rac1 Rfc8 28. Qd2 Kh8 29. Rf2 b5 30. Rxc2 Rxc2 31. Qe1 Rxf2 32. Qxf2 Rc1+ 33. Kg2 Rc2 34. Qxc2 Qxc2+ 35. Kf3 Qd3 36. h4 f6 37. Bb3 f5 38. exf5 Qxf5+ 39. Kg2 Qc5 40. Kf2 a5 41. Kf3 a4 42. Bd1 Qd5+ 43. Ke2 Qxa2+ 44. Kd3 b4 45. e4 b3 46. Bxb3 Qxb3+ 47. Kd4 a3 48. e5 a2 49. e6 a1=Q+ 50. Kc5 Qxe6 51. h5 Qc3+ 52. Kb5 Qec6# 0-1


[Site "https://www.chess.com"]

[Event "Titled Tuesday Blitz February 21 Late 2023"]
[White "Ward, Ieuan C"]
[Black "Chernomordik, Pavel"]
[WhiteFideId "406627"]
[BlackFideId "2804530"]
[WhiteElo "2028"]
[BlackElo "2150"]
[Result "1/2-1/2"]
[Round "07"]
[TimeControl "180+2"]
[Date "2023.02.21"]
[WhiteClock "0:00:11"]
[BlackClock "0:00:29"]

1. d4 g6 2. c4 Bg7 3. Nc3 d6 4. Nf3 Nc6 5. g3 e5 6. dxe5 Nxe5 7. Nxe5 Bxe5 8. Bg2 c6 9. O-O Be6 10. Qd3 Ne7 11. Bf4 Bxf4 12. gxf4 Qc7 13. Rad1 Rd8 14. Ne4 O-O 15. Nf6+ Kg7 16. Qc3 Kh6 17. e4 d5 18. cxd5 Qxf4 19. Nxh7 Kxh7 20. dxe6 Rxd1 21. Rxd1 fxe6 22. Qh3+ Kg7 23. Qxe6 Qxf2+ 24. Kh1 Qf7 25. Qe5+ Qf6 26. Qxf6+ Rxf6 27. Rd7 Kf7 28. Rxb7 Rf2 29. h3 a5 30. Ra7 Rxb2 31. Rxa5 c5 32. Rxc5 Rxa2 33. e5 Ke6 34. Rb5 Re2 35. Kg1 Nf5 36. Rb6+ Kxe5 37. Rxg6 Nh4 38. Rg4 Nf5 39. Re4+ Rxe4 40. Bxe4 Kxe4 41. h4 Kf4 42. h5 Nh6 43. Kh2 Kg4 44. Kg2 Kh4 45. Kf2 Kg4 46. Ke2 Kf4 47. Kd2 Kg4 48. Kc2 Kxh5 1/2-1/2


[Site "https://www.chess.com"]

[Event "Titled Tuesday Blitz February 21 Late 2023"]
[White "Comas Fabrego, Lluis"]
[Black "Kujawski, Adam"]
[WhiteFideId "2200325"]
[BlackFideId "1100920"]
[WhiteElo "2424"]
[BlackElo "2173"]
[Result "1-0"]
[Round "07"]
[TimeControl "180+2"]
[Date "2023.02.21"]
[WhiteClock "0:00:35"]
[BlackClock "0:00:06"]

1. Nf3 d5 2. d4 c6 3. c4 dxc4 4. e3 b5 5. a4 Bb7 6. b3 cxb3 7. Qxb3 a6 8. Ba3 Nf6 9. Nc3 e6 10. Bxf8 Kxf8 11. Be2 Nbd7 12. O-O g6 13. Rfd1 Kg7 14. Ne5 Qe7 15. Bf3 Nxe5 16. dxe5 Nd5 17. Ne4 c5 18. axb5 axb5 19. Qxb5 Rxa1 20. Rxa1 Ra8 21. Rxa8 Bxa8 22. Qxc5 Qb7 23. h3 Qb1+ 24. Kh2 Nf4 25. Nd6 Bxf3 26. exf4 Bd5 27. Qc7 1-0


[Site "https://www.chess.com"]

[Event "Titled Tuesday Blitz February 21 Late 2023"]
[White "Lerch, Philipp"]
[Black "Huang, Alex"]
[WhiteFideId "4654129"]
[BlackFideId "4302508"]
[WhiteElo "2305"]
[BlackElo "2009"]
[Result "1-0"]
[Round "07"]
[TimeControl "180+2"]
[Date "2023.02.21"]
[WhiteClock "0:00:07"]
[BlackClock "0:00:07"]

1. Nf3 Nf6 2. e3 g6 3. d4 Bg7 4. Bd3 d6 5. c3 O-O 6. h3 c5 7. O-O Nbd7 8. e4 e6 9. Bf4 Qb6 10. Qb3 Qxb3 11. axb3 e5 12. dxe5 Nh5 13. Be3 Nxe5 14. Nxe5 Bxe5 15. f4 Bg7 16. Nd2 Be6 17. g4 Nf6 18. Rae1 Rad8 19. Bc2 Rfe8 20. Bf2 Bd7 21. Nc4 Bb5 22. Bh4 Rd7 23. Bd3 a6 24. Rf3 h6 25. Bf2 Nh7 26. Rfe3 Nf8 27. e5 Bxc4 28. Bxc4 dxe5 29. fxe5 Ne6 30. Bg3 g5 31. Rf1 Nf4 32. Bxf4 gxf4 33. Rxf4 Bxe5 34. Rfe4 Rde7 35. Bd5 Kg7 36. Kg2 f6 37. Kf3 b6 38. Bc6 Rd8 39. c4 Rd1 40. Bd5 Rf1+ 41. Ke2 Rb1 42. Kf3 Rxb2 43. Re2 Rb1 44. R4e3 Rh1 45. Kg2 Rh2+ 46. Kg1 Rg2+ 47. Kxg2 Kg6 48. Kf3 Kg5 49. Be4 Rd7 50. Rd3 Ra7 51. Bf5 Re7 52. Rd8 b5 53. Rg8+ Kh4 54. Rg6 Rh7 55. Re4 Kxh3 56. g5+ Kh2 57. Rh4+ Kg1 58. gxh6+ Kf1 59. Rh1# 1-0


[Site "https://www.chess.com"]

[Event "Titled Tuesday Blitz February 21 Late 2023"]
[White "Leonte, Sebastian-Marian"]
[Black "Kalajzic, Ivan"]
[WhiteFideId "1268767"]
[BlackFideId "14506378"]
[WhiteElo "1279"]
[BlackElo "2062"]
[Result "0-1"]
[Round "07"]
[TimeControl "180+2"]
[Date "2023.02.21"]
[WhiteClock "0:00:03"]
[BlackClock "0:00:18"]

1. e4 Nc6 2. Nf3 d6 3. d4 Bg4 4. Be2 e5 5. d5 Nce7 6. h3 Bd7 7. Bg5 h6 8. Be3 g5 9. h4 g4 10. Nfd2 h5 11. f3 Bh6 12. Bg5 f6 13. Bxh6 Nxh6 14. Nc3 Ng6 15. g3 gxf3 16. Bxf3 Ng4 17. Nf1 O-O 18. Qe2 f5 19. O-O-O f4 20. Nh2 Qc8 21. Rdg1 Kh8 22. Bxg4 Bxg4 23. Nxg4 f3 24. Qe3 Qxg4 25. Qh6+ Kg8 26. Nd1 f2 27. Rf1 Qxg3 28. Rxf2 Rxf2 29. Nxf2 Qf4+ 30. Qxf4 Nxf4 31. Rg1+ Kf7 32. Rg5 Rg8 33. Rxg8 Kxg8 34. Nh1 Kg7 35. Ng3 Kg6 36. Kd2 c6 37. c4 Kf6 38. b4 cxd5 39. cxd5 Ng6 40. Nxh5+ Ke7 41. Ke3 Nxh4 42. Ng3 Ng6 43. Nf5+ Kd7 44. Kd3 Nf4+ 45. Ke3 Kc7 46. Ne7 Ng2+ 47. Kd3 Ne1+ 48. Kd2 Nf3+ 49. Ke3 Nd4 50. Nf5 Nc2+ 51. Kf3 Nxb4 52. Kg4 Nxa2 53. Kg5 Nc3 54. Ng3 a5 55. Kf6 a4 0-1


[Site "https://www.chess.com"]

[Event "Titled Tuesday Blitz February 21 Late 2023"]
[White "Sailer, Mike"]
[Black "Rian, Kapriaga"]
[WhiteFideId "2012901"]
[BlackFideId "7103263"]
[WhiteElo "2109"]
[BlackElo "2089"]
[Result "1-0"]
[Round "07"]
[TimeControl "180+2"]
[Date "2023.02.21"]
[WhiteClock "0:01:35"]
[BlackClock "0:00:46"]

1. d4 Nf6 2. Bg5 e6 3. e3 d5 4. Bd3 Be7 5. f4 h6 6. Bxf6 Bxf6 7. Nf3 b6 8. c3 O-O 9. O-O Ba6 10. Ne5 Bxd3 11. Qxd3 c5 12. Rf3 Nd7 13. Rg3 cxd4 14. exd4 Bxe5 15. fxe5 f5 16. exf6 Qxf6 17. Nd2 Qf2+ 18. Kh1 Rf6 19. Rf1 Raf8 20. Rxf2 Rxf2 21. Rf3 e5 22. Rxf2 Rxf2 23. dxe5 Nxe5 24. Qxd5+ Nf7 25. Kg1 Rf6 26. Qa8+ Kh7 27. Qxa7 Ne5 28. Nf3 Nd3 29. b3 Nf4 30. Qe7 Nd5 31. Qe4+ 1-0


[Site "https://www.chess.com"]

[Event "Titled Tuesday Blitz February 21 Late 2023"]
[White "Leve, Nitai"]
[Black "Adel, Sara"]
[WhiteFideId "2006898"]
[BlackFideId "10616764"]
[WhiteElo "2128"]
[BlackElo "1739"]
[Result "1-0"]
[Round "07"]
[TimeControl "180+2"]
[Date "2023.02.21"]
[WhiteClock "0:00:15"]
[BlackClock "0:00:20"]

1. e4 c6 2. d4 d5 3. exd5 cxd5 4. c4 Nf6 5. Nc3 g6 6. Nf3 Bg7 7. cxd5 O-O 8. Qb3 Nbd7 9. a4 Nb6 10. a5 Nbxd5 11. Bc4 Nxc3 12. bxc3 Bg4 13. Ne5 e6 14. Qxb7 Rc8 15. Ba3 Rc7 16. Qb3 Re8 17. O-O Bf5 18. Bb5 Ne4 19. Bxe8 Bxe5 20. dxe5 Qxe8 21. Rfd1 Rxc3 22. Qb7 g5 23. Qxa7 Rc2 24. Qe7 Qxe7 25. Bxe7 Nxf2 26. Rd8+ Kg7 27. a6 Be4 28. Bf6+ Kh6 29. Rg8 Ng4 30. Rxg5 Rxg2+ 31. Kf1 Nxh2+ 32. Ke1 Nf3+ 33. Kd1 Rd2+ 34. Kc1 Rc2+ 35. Kd1 Nxg5 36. Bxg5+ Kxg5 37. a7 Rh2 38. a8=Q Bxa8 39. Rxa8 Kf4 40. Ra5 Rh1+ 41. Ke2 h5 42. Ra7 h4 43. Rxf7+ Kxe5 44. Kf2 h3 45. Kg3 Re1 46. Kxh3 Re4 47. Kg2 Kd4 48. Rd7+ Ke3 49. Ra7 e5 50. Ra3+ Kf4 51. Kf2 Re3 52. Rxe3 e4 53. Re1 Ke5 54. Ke3 1-0


[Site "https://www.chess.com"]

[Event "Titled Tuesday Blitz February 21 Late 2023"]
[White "Chemin, Justo Reinaldo"]
[Black "Kielinkei"]
[WhiteFideId "2101580"]
[WhiteElo "2040"]
[BlackElo "2387"]
[Result "0-1"]
[Round "07"]
[TimeControl "180+2"]
[Date "2023.02.21"]
[WhiteClock "0:00:24"]
[BlackClock "0:01:33"]

1. d4 f5 2. g3 Nf6 3. Bg2 g6 4. Nh3 Bg7 5. Nc3 O-O 6. Nf4 d6 7. h4 e5 8. dxe5 dxe5 9. Qxd8 Rxd8 10. Nfd5 Nxd5 11. Nxd5 Rd7 12. h5 c6 13. Nc3 Na6 14. a3 Rd6 15. hxg6 hxg6 16. Bg5 Be6 17. O-O e4 18. Bf4 Rd7 19. Rfd1 Rad8 20. Rxd7 Rxd7 21. f3 exf3 22. Bxf3 Nc5 23. Kf2 Bf6 24. Be3 Bd4 25. Bxd4 Rxd4 26. Rd1 Rxd1 27. Nxd1 Kf7 28. b4 Na4 29. Ke3 Ke7 30. Kd4 Kd6 31. c4 c5+ 32. bxc5+ Nxc5 33. Nc3 a6 34. e4 Nb3+ 35. Kd3 Ke5 36. Nd5 fxe4+ 37. Ke3 exf3 38. Kxf3 Bxd5+ 39. cxd5 Kxd5 40. Kg4 Ke6 41. Kg5 Kf7 42. Kf4 Kf6 43. Ke4 Ke6 44. Kf4 Nc5 45. Kg5 Kf7 46. Kh6 Kf6 47. g4 g5 48. Kh7 Ke5 49. Kg6 Kf4 0-1


[Site "https://www.chess.com"]

[Event "Titled Tuesday Blitz February 21 Late 2023"]
[White "Goncalves, Davi Sulzbacher"]
[Black "Avgoustopoulos, Christian"]
[WhiteFideId "2154510"]
[BlackFideId "2122294"]
[WhiteElo "2282"]
[BlackElo "1969"]
[Result "1-0"]
[Round "07"]
[TimeControl "180+2"]
[Date "2023.02.21"]
[WhiteClock "0:00:07"]
[BlackClock "0:00:02"]

1. e4 e6 2. d4 d5 3. Nc3 Nf6 4. e5 Nfd7 5. f4 c5 6. Nf3 Nc6 7. Be3 Be7 8. Qd2 a6 9. Be2 b5 10. O-O O-O 11. Nd1 f6 12. c3 fxe5 13. fxe5 cxd4 14. cxd4 Nb6 15. b3 Bd7 16. Nf2 Rc8 17. Nd3 b4 18. Nc5 a5 19. Rac1 Na7 20. Nb7 Qe8 21. Nxa5 Nb5 22. Nb7 Nc3 23. Bd3 Ra8 24. a4 Bc6 25. Nc5 Bxc5 26. dxc5 Nd7 27. Bd4 Ne4 28. Qxb4 Qh5 29. Qe1 Qg4 30. Qe3 Rf7 31. Bxe4 dxe4 32. Ng5 Rxf1+ 33. Rxf1 h6 34. Nf7 Rf8 35. Nxh6+ gxh6 36. Rxf8+ Kxf8 37. h3 Qd1+ 38. Kh2 Qh5 39. a5 Nxe5 40. Qf4+ Nf7 41. a6 e5 42. Qf6 exd4 43. Qxc6 Kg7 44. Qxe4 Qd1 45. a7 Qa1 46. a8=Q Qc3 47. Qab7 Qxb3 48. Qxb3 1-0


[Site "https://www.chess.com"]

[Event "Titled Tuesday Blitz February 21 Late 2023"]
[White "Torres Dominguez, David"]
[Black "Hoffmann, Asa"]
[WhiteFideId "2220857"]
[BlackFideId "2001470"]
[WhiteElo "1994"]
[BlackElo "2185"]
[Result "0-1"]
[Round "07"]
[TimeControl "180+2"]
[Date "2023.02.21"]
[WhiteClock "0:00:42"]
[BlackClock "0:01:32"]

1. e4 d6 2. c3 c6 3. Nf3 Nf6 4. d3 Bg4 5. Be2 e6 6. O-O d5 7. e5 Nfd7 8. d4 c5 9. h3 Bh5 10. a3 Nc6 11. b4 cxd4 12. cxd4 Nb6 13. Nc3 Be7 14. Be3 Rc8 15. Rc1 a6 16. Qb3 Na7 17. Rfd1 O-O 18. Na4 Bxf3 19. Nxb6 Bxe2 20. Nxc8 Bxd1 21. Nxe7+ Qxe7 22. Qxd1 Rc8 23. Rxc8+ Nxc8 24. Qc2 Qd7 25. Qc5 h6 26. a4 Ne7 27. b5 axb5 28. axb5 Nf5 29. g4 Nxe3 30. fxe3 Qd8 31. b6 Qg5 32. Qc8+ Kh7 33. Kf2 Qh4+ 34. Kg2 Qe1 35. Qxb7 Qe2+ 36. Kh1 Qf3+ 37. Kh2 Qf2+ 38. Kh1 Qe1+ 39. Kh2 Qe2+ 40. Kh1 Qf3+ 41. Kh2 h5 42. Qxf7 Qxf7 0-1


[Site "https://www.chess.com"]

[Event "Titled Tuesday Blitz February 21 Late 2023"]
[White "Mitrovic, Darko R"]
[Black "Davidson, Kevin"]
[WhiteFideId "927023"]
[BlackFideId "2056810"]
[WhiteElo "2220"]
[BlackElo "2154"]
[Result "0-1"]
[Round "07"]
[TimeControl "180+2"]
[Date "2023.02.21"]
[WhiteClock "0:00:01"]
[BlackClock "0:00:24"]

1. d4 Nf6 2. Nf3 g6 3. g3 Bg7 4. Bg2 d6 5. O-O O-O 6. c4 Nbd7 7. Nc3 e5 8. e4 c6 9. h3 Qb6 10. d5 Nc5 11. Qe2 cxd5 12. cxd5 Bd7 13. Be3 a5 14. Rab1 Rfc8 15. Nd2 Qa6 16. Qxa6 Rxa6 17. Rfc1 Nd3 18. Rc2 Nb4 19. Rcc1 Raa8 20. Bf1 a4 21. a3 Na6 22. Bb5 Bxh3 23. Nxa4 Ng4 24. Bb6 f5 25. Nc4 Bh6 26. Rd1 Bf8 27. Bd7 Rxc4 28. Nc3 Nf6 29. Be6+ Kg7 30. f3 g5 31. exf5 g4 32. Kh2 h5 33. Rf1 Nc5 34. Rf2 Nd3 35. Rd2 Nxb2 36. Rdxb2 Rxc3 0-1


[Site "https://www.chess.com"]

[Event "Titled Tuesday Blitz February 21 Late 2023"]
[White "Carrasco Miranda, Andres"]
[Black "Eliteplayer3"]
[WhiteFideId "3405990"]
[WhiteElo "2240"]
[BlackElo "1962"]
[Result "1-0"]
[Round "07"]
[TimeControl "180+2"]
[Date "2023.02.21"]
[WhiteClock "0:00:15"]
[BlackClock "0:00:07"]

1. d4 d5 2. c4 e6 3. Nf3 Nf6 4. g3 Bb4+ 5. Nbd2 dxc4 6. Bg2 c3 7. bxc3 Bxc3 8. Rb1 c6 9. O-O O-O 10. Nc4 Nbd7 11. Ba3 Re8 12. Nd6 Re7 13. Nxc8 Rxc8 14. Bxe7 Qxe7 15. Rxb7 Ba5 16. Rxa7 Bb6 17. Rb7 Qb4 18. Ne5 Nxe5 19. dxe5 Nd5 20. Bxd5 cxd5 21. Qb3 Qxb3 22. axb3 Bd4 23. Kg2 Bxe5 24. b4 Rc2 25. Ra1 g6 26. Ra8+ Kg7 27. e3 d4 28. exd4 Bxd4 29. Kf3 Rxf2+ 30. Ke4 e5 31. b5 Rxh2 32. Rd7 Rb2 33. Rb8 Rb3 34. Rbb7 Re3+ 35. Kd5 Rf3 36. b6 h5 37. Kc6 Rc3+ 38. Kb5 Rxg3 39. Rxf7+ Kh6 40. Ka4 h4 41. Rb8 Rg1 42. b7 Ra1+ 43. Kb5 Rb1+ 44. Kc6 Kg5 45. Ra8 Rb6+ 46. Kc7 Rxb7+ 47. Kxb7 h3 48. Rh7 Kg4 49. Rah8 g5 50. Rxh3 Kf5 51. Rf8+ Ke4 52. Rg3 Be3 53. Kc6 Bf4 54. Rg1 Kd4 55. Rd8+ Ke4 56. Re1+ Kf3 57. Kd5 g4 58. Rg8 g3 59. Ra1 Kf2 60. Ra2+ Kf3 61. Ra3+ Kf2 62. Ke4 g2 63. Ra2+ Kf1 64. Rgxg2 Ke1 65. Rae2+ Kd1 66. Kd3 Kc1 67. Rg1# 1-0


[Site "https://www.chess.com"]